 Dungeon Crawl Stone Soup version 0.26-a0-812-g31a745ddcd (webtiles) character file.

Game seed: 9253621617151761091

129957 vurker the Stormcaller (level 17, -8/108 HPs)
             Began as a Tengu Air Elementalist on Nov 26, 2020.
             Was a High Priest of Vehumet.
             Mangled by the 27-headed Lernaean hydra (9 damage)
             ... on level 4 of the Swamp.
             The game lasted 00:57:47 (47755 turns).

vurker the Stormcaller (Tengu Air Elementalist)    Turns: 47755, Time: 00:57:48

Health: -8/108     AC:  7    Str:  9    XL:     17   Next: 6%
Magic:  25/38      EV: 16    Int: 33    God:    Vehumet [*****.]
Gold:   2080       SH:  0    Dex: 23    Spells: 22/48 levels left

rFire    + . .     SeeInvis .   x - +4 short sword "Woevos Siwuq" {drain, rPois rC+ Int+2}
rCold    + + .     Faith    .   (no shield)
rNeg     . . .     Spirit   .   Q - +2 robe {MR+}
rPois    +         Reflect  .   (helmet restricted)
rElec    .         Harm     .   L - scarf {rC+ rF+}
rCorr    .         Rampage  .   y - +2 pair of gloves
MR       ++...                  (boots unavailable)
Stlth    ++........             (no amulet)
HPRegen  0.28/turn              E - +6 ring of intelligence
MPRegen  0.26/turn              K - ring "Sicsiesm" {Int+5 Dex+6}

@: about to teleport, flying quickly and evasively, quick
A: beak, talons 3, able to fly
a: Stop Flying, Renounce Religion


You were on level 4 of the Swamp.
You worshipped Vehumet.
Vehumet was extremely pleased with you.
You visited 5 branches of the dungeon, and saw 28 of its levels.

You collected 2772 gold pieces.
You spent 692 gold pieces at shops.

Inventory:

Hand Weapons
 p - a +0 dagger of electrocution
   (You took it off Ijyb on level 3 of the Dungeon)
 x - the +4 short sword "Woevos Siwuq" (weapon) {drain, rPois rC+ Int+2}
   (You found it on level 1 of the Swamp)

   A truly terrible weapon, it drains the life of those it strikes.
   It affects your intelligence (+2).
   It protects you from cold.
   It protects you from poison.
Armour
 k - a +2 cloak
   (You took it off Crazy Yiuf on level 2 of the Dungeon)
 y - a +2 pair of gloves (worn)
   (You found it on level 2 of the Lair of Beasts)
 L - a scarf of resistance (worn)
   (You found it on level 11 of the Dungeon)
 Q - a +2 robe of magic resistance (worn)
   (You found it on level 15 of the Dungeon)
Magical Staves
 J - an uncursed staff of fire
   (You found it on level 6 of the Lair of Beasts)
Jewellery
 a - an uncursed ring of protection from fire
   (You found it on level 10 of the Dungeon)
 b - an uncursed ring of protection from fire
   (You found it on level 7 of the Dungeon)
 E - a +6 ring of intelligence (left hand)
   (You found it on level 3 of the Lair of Beasts)
 K - the ring "Sicsiesm" (right hand) {Int+5 Dex+6}
   (You found it on level 6 of the Lair of Beasts)

   [ring of dexterity]

   It affects your intelligence (+5).
   It affects your dexterity (+6).
 P - an uncursed ring of protection from magic
   (You found it on level 13 of the Dungeon)
Wands
 c - a wand of disintegration (15)
   (You found it on level 3 of the Lair of Beasts)
 o - a wand of polymorph (14)
   (You took it off Ijyb on level 3 of the Dungeon)
 t - a wand of flame (22)
   (You took it off Pikel on level 5 of the Dungeon)
 u - a wand of paralysis (1)
   (You found it on level 10 of the Dungeon)
 v - a wand of digging (7)
   (You found it on level 6 of the Dungeon)
Scrolls
 d - 15 scrolls of teleportation
 e - 5 scrolls of enchant armour
 f - 2 scrolls of remove curse
 g - 2 scrolls of blinking
 i - a scroll of brand weapon
 m - 4 scrolls of fear
 q - 3 scrolls of amnesia
 s - 3 scrolls of identify
 B - 3 scrolls of immolation
 C - 2 scrolls of fog
 D - 2 scrolls of enchant weapon
 H - 2 scrolls of magic mapping
Potions
 h - 6 potions of lignification
 j - 6 potions of heal wounds
 l - 8 potions of curing
 n - 2 potions of brilliance
 r - 3 potions of haste
 z - 2 potions of invisibility
 A - 2 potions of resistance
 F - 2 potions of magic
 G - a potion of attraction
 M - 3 potions of mutation
 N - 2 potions of cancellation
 O - a potion of ambrosia
Miscellaneous
 I - a condenser vane
   (You found it on level 12 of the Dungeon)


   Skills:
 + Level 12.5 Fighting
 - Level 2.1 Dodging
 - Level 2.0 Stealth
 * Level 16.0 Spellcasting
 - Level 10.0 Conjurations
 * Level 10.7 Ice Magic
 + Level 19.5 Air Magic


You had 22 spell levels left.
You knew the following spells:

 Your Spells              Type           Power        Failure   Level
a - Ozocubu's Refrigerat  Ice            #######...   1%          6
b - Lightning Bolt        Conj/Air       #######...   1%          5
c - Airstrike             Air            ########..   0%          4
d - Shock                 Conj/Air       ####         0%          1
e - Conjure Ball Lightni  Conj/Air       #######...   1%          6
q - Olgreb's Toxic Radia  Pois           ####....     4%          4

Your spell library contained the following spells:

 Spells                   Type           Power        Failure   Level
 Freezing Cloud           Conj/Ice/Air   #######...   1%          6
 Swiftness                Air            ########     0%          2
 Static Discharge         Conj/Air       #######.     0%          3
 Animate Skeleton         Necr           ####..       1%          1
 Beastly Appendage        Tmut           ####..       1%          1
 Magic Dart               Conj           ####         1%          1
 Pain                     Necr           ####         1%          1
 Summon Small Mammal      Summ           ####         1%          1
 Conjure Flame            Conj/Fire      ######..     1%          3
 Mephitic Cloud           Conj/Pois/Air  #######.     1%          3
 Ice Form                 Ice/Tmut       ######..     1%          4
 Summon Ice Beast         Ice/Summ       ######..     1%          4
 Summon Lightning Spire   Summ/Air       ######..     1%          4
 Iskenderun's Battlesphe  Conj           #######.     1%          5
 Blink                    Tloc           N/A          2%          2
 Call Imp                 Summ           ####....     2%          2
 Slow                     Hex            ####....     2%          2
 Wereblood                Tmut           ####....     2%          2
 Bolt of Magma            Conj/Fire/Erth #####.....   3%          5
 Call Canine Familiar     Summ           ####....     4%          3
 Spider Form              Tmut/Pois      ####......   4%          3
 Summon Guardian Golem    Hex/Summ       ####....     4%          3
 Vampiric Draining        Necr           ####......   4%          3
 Orb of Destruction       Conj           #######...   6%          7
 Iron Shot                Conj/Erth      ######....   9%          6
 Animate Dead             Necr           ####......   16%         4
 Agony                    Necr           ####....     38%         5
 Blade Hands              Tmut           ####......   38%         5
 Spellforged Servitor     Conj/Summ      ######....   38%         7


Dungeon Overview and Level Annotations

Branches:
Dungeon (15/15)            Temple (1/1) D:5            Lair (6/6) D:10
  Swamp (4/4) Lair:3       Shoals (0/4) Lair:2        Slime (0/5) Lair:5
    Orc (2/2) D:11            Elf (0/3) Orc:2        Vaults (0/5) D:13
 Depths: D:15

Altars:
Cheibriados
Dithmenos
Elyvilon
Fedhas
Gozag
Hepliaklqana
Kikubaaqudgha
Makhleb
Nemelex Xobeh
Okawaru
Ru
Sif Muna
Trog
Vehumet
Wu Jian
Xom
Yredelemnul
Zin
The Shining One

Shops:
D:8 }   D:9 =   D:11 ?   Orc:2 ([**

Annotations:
D:8 Gastronok
D:10 3 runed translucent doors, kae's ghost, journeyman DrTm
Lair:3 3 runed translucent doors, Moacass's ghost, journeyman MiAK
Lair:5 2 runed translucent doors, MoonlitKnight's ghost, journeyman MiBe
Swamp:4 1 exclusion, Lernaean hydra


Innate Abilities, Weirdness & Mutations

You have a beak for a mouth.
You have claws for feet.
You can fly continuously.


Message History

The heat is drained from your surroundings.
You resist.
You feel very cold.
The five-headed hydra is frozen.
The heat is drained from your surroundings.
You resist.
You feel very cold.
The five-headed hydra is frozen.
The heat is drained from your surroundings.
You resist.
You feel very cold.
The five-headed hydra is frozen.
You kill the five-headed hydra!
Vehumet accepts your kill.
You feel your power returning.
Your Spellcasting skill increases to level 16!
An eight-headed hydra comes into view.
Aim: an eight-headed hydra (wandering, hasn't noticed you)
The air twists around and strikes the eight-headed hydra!!
The eight-headed hydra roars!
Aim: an eight-headed hydra (moderately wounded)
The air twists around and strikes the eight-headed hydra!!
The heat is drained from your surroundings.
You resist.
You feel very cold.
The eight-headed hydra is frozen.
You kill the eight-headed hydra!
Vehumet accepts your kill.
You feel your power returning.
You hear a crashing sound.
You hear a roar!
You hear a crashing sound.
You can drink potions again.
You hear a crashing sound.
The 27-headed Lernaean hydra comes into view.
The 27-headed Lernaean hydra roars deafeningly!
A swamp dragon comes into view.
As you read the scroll of teleportation, it crumbles to dust.
You feel strangely unstable. The 27-headed Lernaean hydra bites you!
The 27-headed Lernaean hydra bites you.
The 27-headed Lernaean hydra bites you! x3
* * * LOW HITPOINT WARNING * * *
The 27-headed Lernaean hydra closely misses you.
The 27-headed Lernaean hydra bites you!
* * * LOW HITPOINT WARNING * * *
The 27-headed Lernaean hydra bites you!
* * * LOW HITPOINT WARNING * * *
The 27-headed Lernaean hydra bites you but does no damage.
The 27-headed Lernaean hydra bites you!
* * * LOW HITPOINT WARNING * * *
The 27-headed Lernaean hydra bites you!
* * * LOW HITPOINT WARNING * * *
The 27-headed Lernaean hydra completely misses you.
The 27-headed Lernaean hydra bites you.
* * * LOW HITPOINT WARNING * * *
The 27-headed Lernaean hydra bites you but does no damage.
The 27-headed Lernaean hydra completely misses you.
The 27-headed Lernaean hydra bites you!
You die...

≈≈≈≈≈≈≈≈≈≈≈§≈..♣♣♣♣##≈.##
≈≈≈≈≈≈≈≈≈≈≈≈≈≈♣♣ ♣≈# ≈..
≈≈≈≈≈≈≈≈≈§.♣♣♣♣♣♣♣.###.# ###
...≈≈≈≈≈≈≈.♣♣♣♣≈♣♣♣≈#..###≈♣
...≈≈≈≈≈≈≈.≈♣♣≈≈≈♣♣.#≈..#≈.♣♣♣♣♣♣
..[≈≈≈≈≈≈..≈≈(≈≈.≈♣♣....#.≈≈≈≈≈♣≈
≈≈...≈§≈...≈≈≈#.≈♣♣♣≈....♣♣♣#≈≈≈≈
≈≈.≈≈≈...≈≈≈≈.≈.≈.♣≈♣.≈♣♣♣♣...#≈≈
≈..≈≈§...≈≈≈≈...@D.....♣♣♣≈§♣♣≈≈♣
♣♣≈...♣♣♣..≈≈...#.§.≈.≈.♣≈♣♣♣♣♣.♣
♣♣♣♣♣♣ ♣≈♣♣......≈.†....♣♣ ♣#...
♣♣♣♣♣.≈...≈≈..≈≈≈♣♣♣♣.... ♣♣♣♣
♣≈...§≈≈.§≈≈≈≈♣♣.♣...
♣≈≈♣♣♣...≈≈≈≈.D≈≈..≈.≈≈≈..
♣♣.≈.♣♣.≈.≈≈≈§≈≈...♣♣......
♣≈≈≈≈♣♣....≈≈≈.≈≈≈≈...§...♣
♣≈≈≈.≈≈..≈≈≈≈≈.≈≈≈≈≈≈....♣♣


You could see the 27-headed Lernaean hydra and a swamp dragon (wandering).

Vanquished Creatures
  Donald (Swamp:2)
  A fenstrider witch (Swamp:3)
  An ironheart preserver (D:13)
  Nessos (Lair:4)
  A dire elephant (Lair:6)
  2 bunyips
  Snorg (D:14)
  2 eleionomae
  A shambling mangrove (Lair:3)
  A hydra (shapeshifter) (D:14)
  25 hydras
  4 boulder beetles
  2 ghost crabs
  A centaur warrior (D:13)
  13 two-headed ogres
  A tengu warrior (D:13)
  2 catoblepae
  A deep troll shaman (Lair:6)
  13 alligators
  3 ogre magi
  4 death yaks (Lair:6)
  Urug (Lair:4)
  An orc high priest (Orc:2)
  6 goliath frogs
  A wizard (D:14)
  2 spriggan druids
  A deep troll (Orc:2)
  A bog body (Swamp:1)
  5 swamp dragons
  3 unseen horrors
  Pikel (D:5)
  6 cyclopes
  2 ugly things
  An orc sorcerer (Orc:2)
  4 will-o-the-wisps
  13 elephants
  A centaur zombie (D:14)
  5 black mambas
  Psyche (D:9)
  A gargoyle (D:12)
  17 cane toads
  A freezing wraith (D:15)
  7 komodo dragons
  4 centaur skeletons
  2 rime drakes
  8 polar bears
  6 hornets
  A merfolk (Lair:2)
  A meliai (shapeshifter) (D:10)
  12 trolls
  4 tyrant leeches
  4 bloated husks
  Grinder (D:5)
  10 slime creatures
  5 blink frogs (Lair:3)
  4 spriggans
  2 shadows
  7 wyverns
  72 yaks
  3 wraiths
  A yak (shapeshifter) (D:15)
  4 basilisks
  2 vampires
  Grum (D:11)
  8 vampire mosquitoes
  7 swamp worms
  3 wargs
  3 acid dragons
  8 water moccasins
  3 black bears
  An ice beast (D:8)
  13 orc warriors
  6 swamp drakes
  4 sky beasts
  5 boggarts (D:14)
  An eye of draining (shapeshifter) (D:13)
  An eye of draining (D:14)
  2 phantoms
  24 wolves
  22 ogres
  7 centaurs
  3 lemures (D:5)
  3 big kobolds
  21 bullfrogs
  6 scorpions
  19 wights
  12 killer bees
  An electric eel (Lair:1)
  6 jellies
  2 howler monkeys
  2 quasits
  2 bullfrog zombies (D:11)
  A hound (D:4)
  Crazy Yiuf (D:2)
  9 orc priests
  A bullfrog skeleton (D:12)
  26 orc wizards
  Ijyb (D:3)
  6 worker ants
  Natasha (thrice) (D:2)
  2 iguanas
  A killer bee zombie (D:8)
  2 hound skeletons
  15 adders
  A howler monkey skeleton (D:5)
  A shadow imp (D:9)
  2 white imps
  3 ufetubi
  An ooze (D:3)
  2 adder skeletons
  A worm (D:3)
  3 dart slugs (D:1)
  10 leopard geckos
  66 orcs
  5 giant cockroaches
  13 goblins
  6 hobgoblins
  6 jackals
  19 kobolds
  5 quokkas
  6 bats
  8 frilled lizards
  3 quokka skeletons
  4 rats (D:1)
744 creatures vanquished.

Vanquished Creatures (others)
  A spriggan druid (Swamp:4)
  A will-o-the-wisp (Swamp:1)
  A bush (Lair:5)
  49 fungi
  104 plants
156 creatures vanquished.

Grand Total: 900 creatures vanquished

Notes
Turn   | Place    | Note
-------+----------+-------------------------------------------
     0 | D:1      | vurker the Tengu Air Elementalist began the quest for the
                  | Orb.
     0 | D:1      | Reached XP level 1. HP: 10/10 MP: 4/4
   327 | D:1      | Reached XP level 2. HP: 16/16 MP: 4/6
   727 | D:1      | Reached skill level 1 in Fighting
   727 | D:1      | Reached XP level 3. HP: 20/20 MP: 3/7
  1556 | D:2      | Noticed Natasha
  1561 | D:2      | Killed Natasha
  1561 | D:2      | Reached skill level 5 in Air Magic
  1561 | D:2      | Reached XP level 4. HP: 7/25 MP: 2/9
  2064 | D:2      | Noticed Natasha
  2072 | D:2      | Killed Natasha
  2460 | D:2      | Noticed Natasha
  2468 | D:2      | Killed Natasha
  2468 | D:2      | Gained mutation: You can fly continuously. [Tengu growth]
  2468 | D:2      | Reached XP level 5. HP: 17/30 MP: 1/10
  2897 | D:2      | Found a runed translucent door.
  2898 | D:2      | Noticed Crazy Yiuf
  2908 | D:2      | Learned a level 5 spell: Lightning Bolt
  2913 | D:2      | Learned a level 4 spell: Airstrike
  2947 | D:2      | Killed Crazy Yiuf
  3381 | D:3      | Found a faded altar of an unknown god.
  3630 | D:3      | Reached XP level 6. HP: 35/35 MP: 8/12
  3772 | D:3      | Noticed Ijyb
  3781 | D:3      | Killed Ijyb
  3781 | D:3      | Reached skill level 6 in Air Magic
  4469 | D:4      | Reached XP level 7. HP: 39/40 MP: 5/14
  5039 | D:5      | Entered Level 5 of the Dungeon
  5039 | D:5      | Found a shimmering altar of Xom.
  5234 | D:5      | Found a staircase to the Ecumenical Temple.
  5256 | Temple   | Entered the Ecumenical Temple
  5330 | Temple   | Became a worshipper of Vehumet
  5439 | D:5      | Got a warped morningstar
  5440 | D:5      | Identified the +8 morningstar "Jyawn" {vorpal, *Rage rF+
                  | Stlth+} (You found it on level 5 of the Dungeon)
  5443 | D:5      | Noticed Grinder
  5448 | D:5      | Killed Grinder
  5448 | D:5      | Reached skill level 7 in Air Magic
  5579 | D:5      | Noticed Pikel
  6170 | D:5      | Reached skill level 5 in Spellcasting
  6170 | D:5      | Reached XP level 8. HP: 22/46 MP: 2/16
  6552 | D:5      | Killed Pikel
  6552 | D:5      | Reached skill level 5 in Conjurations
  6552 | D:5      | Reached skill level 8 in Air Magic
  7168 | D:6      | Reached skill level 9 in Air Magic
  7370 | D:6      | Reached XP level 9. HP: 52/52 MP: 6/19
  7707 | D:6      | Reached * piety under Vehumet
  7707 | D:6      | Offered knowledge of Freeze by Vehumet.
  8270 | D:7      | Found a burning altar of Makhleb.
  8271 | D:7      | Found an iron altar of Okawaru.
  8271 | D:7      | Found a basalt altar of Yredelemnul.
  8309 | D:7      | Found a white marble altar of Elyvilon.
  8522 | D:7      | Reached skill level 10 in Air Magic
  9470 | D:8      | Reached skill level 5 in Fighting
  9730 | D:8      | Found Gytt's Gadget Shop.
 10074 | D:8      | Found a glowing silver altar of Zin.
 10074 | D:8      | Noticed an angel
 10077 | D:8      | Found a shimmering altar of Xom.
 10263 | D:8      | Noticed Gastronok
 10494 | D:8      | Reached skill level 11 in Air Magic
 10683 | D:9      | Reached XP level 10. HP: 59/59 MP: 14/22
 11465 | D:9      | Offered knowledge of Foxfire by Vehumet.
 11558 | D:9      | Reached ** piety under Vehumet
 11560 | D:9      | Noticed Psyche
 11575 | D:9      | Killed Psyche
 11979 | D:9      | Found Vous's Jewellery Shop.
 12770 | D:10     | Entered Level 10 of the Dungeon
 13267 | D:10     | Found a runed translucent gate.
 13267 | D:10     | Found a runed translucent gate.
 13267 | D:10     | Found a runed translucent gate.
 13290 | D:10     | Noticed kae's ghost (journeyman DrTm)
 13336 | D:10     | Reached skill level 12 in Air Magic
 13523 | D:10     | Killed an unseen horror
 13664 | D:10     | Got a fine mace
 13665 | D:10     | Identified the cursed +0 mace "Majosch" {protect, Fragile
                  | Str+3} (You found it on level 10 of the Dungeon)
 13747 | D:10     | Offered knowledge of Searing Ray by Vehumet.
 13984 | D:10     | Found a staircase to the Lair.
 14721 | D:11     | Noticed a boulder beetle
 14837 | D:11     | Reached XP level 11. HP: 66/66 MP: 7/25
 14948 | D:11     | Reached *** piety under Vehumet
 15151 | D:11     | Noticed a red ugly thing
 15198 | Lair:1   | Entered Level 1 of the Lair of Beasts
 15331 | Lair:1   | Got a slimy hunting sling
 15511 | Lair:1   | Reached skill level 13 in Air Magic
 16449 | Lair:2   | Noticed an eight-headed hydra
 16454 | Lair:2   | Killed an eight-headed hydra
 17134 | Lair:2   | Reached skill level 10 in Spellcasting
 17285 | Lair:2   | Found a staircase to the Shoals.
 17937 | Lair:3   | Found a runed translucent gate.
 17982 | Lair:3   | Found a runed translucent gate.
 17984 | Lair:3   | Found a runed translucent gate.
 18267 | Lair:3   | Noticed Moacass's ghost (journeyman MiAK)
 18300 | Lair:3   | Reached skill level 14 in Air Magic
 18541 | Lair:3   | Reached skill level 10 in Conjurations
 18600 | Lair:3   | Reached XP level 12. HP: 72/72 MP: 18/27
 18612 | Lair:3   | Offered knowledge of Frozen Ramparts by Vehumet.
 18969 | Lair:3   | Noticed a five-headed hydra
 18974 | Lair:3   | Killed a five-headed hydra
 19367 | Lair:3   | Found a staircase to the Swamp.
 19548 | Lair:3   | Noticed a six-headed hydra
 19554 | Lair:3   | Killed a six-headed hydra
 19990 | Lair:4   | Reached skill level 15 in Air Magic
 20699 | Lair:4   | Reached **** piety under Vehumet
 21023 | Lair:4   | Noticed Urug
 21038 | Lair:4   | Killed Urug
 21038 | Lair:4   | Offered knowledge of Olgreb's Toxic Radiance by Vehumet.
 21381 | Lair:4   | Learned a level 4 spell: Olgreb's Toxic Radiance
 21456 | Lair:4   | Reached skill level 16 in Air Magic
 21456 | Lair:4   | Reached XP level 13. HP: 28/80 MP: 13/29
 22150 | Lair:4   | You are sucked into a shaft and drop 1 floor!
 22675 | Lair:5   | Found a staircase to the Slime Pits.
 23175 | Lair:4   | Noticed Nessos
 23182 | Lair:4   | Killed Nessos
 23783 | Lair:5   | Found a large runed translucent door.
 23783 | Lair:5   | Found a large runed translucent door.
 23783 | Lair:5   | Noticed MoonlitKnight's ghost (journeyman MiBe)
 24295 | Lair:5   | Reached skill level 17 in Air Magic
 24910 | Lair:6   | Entered Level 6 of the Lair of Beasts
 25073 | Lair:6   | Reached ***** piety under Vehumet
 25265 | Lair:6   | Offered knowledge of Ozocubu's Refrigeration by Vehumet.
 25277 | Lair:5   | Learned a level 6 spell: Ozocubu's Refrigeration
 25407 | Lair:5   | Reached skill level 10 in Fighting
 25407 | Lair:5   | Reached skill level 1 in Ice Magic
 25812 | Lair:6   | Reached XP level 14. HP: 88/88 MP: 1/32
 28010 | Lair:6   | Noticed a dire elephant
 28299 | Lair:6   | Killed a dire elephant
 28519 | Lair:6   | Got a translucent arbalest
 28533 | Lair:6   | Got a shimmering brass ring
 28542 | Lair:6   | Identified the ring "Sicsiesm" {Int+5 Dex+6} (You found it
                  | on level 6 of the Lair of Beasts)
 29327 | D:11     | Reached skill level 5 in Ice Magic
 29473 | D:11     | Offered knowledge of Bolt of Magma by Vehumet.
 29596 | D:11     | You are sucked into a shaft and drop 1 floor!
 29627 | D:12     | Reached skill level 18 in Air Magic
 29738 | D:11     | Found a staircase to the Orcish Mines.
 29740 | D:11     | Found Goan's Magic Scroll Shop.
 29748 | D:11     | Bought a scroll of teleportation for 36 gold pieces
 29748 | D:11     | Bought a scroll of teleportation for 36 gold pieces
 29880 | D:11     | Found a blossoming altar of Fedhas.
 30233 | D:11     | Noticed Grum
 30237 | D:11     | Killed Grum
 30531 | Orc:1    | Entered Level 1 of the Orcish Mines
 31155 | Orc:2    | Entered Level 2 of the Orcish Mines
 32091 | Orc:2    | Found a staircase to the Elven Halls.
 32364 | Orc:2    | Found Lakupyh's Antique Weapon Shop.
 33263 | Orc:2    | Reached XP level 15. HP: 93/93 MP: 11/34
 33678 | Orc:2    | Found Heridew's Assorted Antiques.
 33683 | Orc:2    | Found Zamninol's Assorted Antiques.
 33686 | Orc:2    | Bought a potion of heal wounds for 140 gold pieces
 33686 | Orc:2    | Bought a scroll of blinking for 210 gold pieces
 33688 | Orc:2    | Found Xefet's Armour Shop.
 33691 | Orc:2    | Bought a scroll of blinking for 270 gold pieces
 34813 | D:12     | Offered knowledge of Conjure Ball Lightning by Vehumet.
 34821 | D:12     | Learned a level 6 spell: Conjure Ball Lightning
 35019 | D:12     | You are sucked into a shaft and drop 3 floors!
 35019 | D:15     | Entered Level 15 of the Dungeon
 35235 | D:15     | Found a white marble altar of Elyvilon.
 36586 | D:13     | Found a gate to the Vaults.
 37610 | D:14     | Noticed Snorg
 38989 | D:14     | Killed Snorg
 38989 | D:14     | Reached skill level 15 in Spellcasting
 39518 | D:15     | Offered knowledge of Freezing Cloud by Vehumet.
 39716 | D:15     | Found an ornate altar of the Wu Jian Council.
 39987 | Swamp:1  | Entered Level 1 of the Swamp
 40002 | Swamp:1  | Reached XP level 16. HP: 101/101 MP: 22/36
 40302 | Lair:3   | HP: 1/101 [shambling mangrove (11)]
 40753 | Lair:3   | Found a runed translucent gate.
 40754 | Lair:3   | Found a runed translucent gate.
 40755 | Lair:3   | Found a runed translucent gate.
 41107 | Lair:3   | Found a staircase to the Swamp.
 42159 | Swamp:1  | Reached skill level 19 in Air Magic
 42424 | Swamp:1  | Got a fine robe
 42871 | Swamp:1  | Got a glimmering short sword
 42872 | Swamp:1  | Identified the +4 short sword "Woevos Siwuq" {drain, rPois
                  | rC+ Int+2} (You found it on level 1 of the Swamp)
 42875 | Swamp:1  | Identified the cursed +0 robe of Dishonour {rN++ Int-3}
                  | (You found it on level 1 of the Swamp)
 43470 | Swamp:2  | You are sucked into a shaft and drop 1 floor!
 43473 | Swamp:3  | Noticed a fenstrider witch
 43475 | Swamp:3  | Paralysed by a fenstrider witch for 7 turns
 43483 | Swamp:3  | Killed a fenstrider witch
 44193 | Swamp:2  | Noticed Donald
 44536 | Swamp:2  | Killed Donald
 44614 | Swamp:2  | HP: 3/101 [alligator[a spriggan druid] (6)]
 45128 | Swamp:2  | Reached skill level 10 in Ice Magic
 46411 | Swamp:4  | Entered Level 4 of the Swamp
 47470 | Swamp:4  | Reached XP level 17. HP: 108/108 MP: 21/37
 47750 | Swamp:4  | Noticed the 27-headed Lernaean hydra
 47755 | Swamp:4  | HP: 1/108 [the 27-headed Lernaean hydra (6)]
 47755 | Swamp:4  | Mangled by the 27-headed Lernaean hydra

Illustrated notes

Levels and vault maps discovered:
D:1:      co_arrival_random_square_maze, layout_rooms, serial_forest,
          infiniplex_forest_lined_2, infiniplex_forest_clump_tiny,
          infiniplex_forest_clump_tiny, infiniplex_forest_fountain
D:2:      layout_basic, uniq_crazy_yiuf_cottage, uniq_natasha
D:3:      cheibrodos_helix_gallery, layout_loops_ring,
          chequers_ecumenical_altar_island, minmay_misc_feat_more_columns,
          dk_noncrumbling_3, kennysheep_cross_bottleneck, uniq_ijyb
D:4:      layout_basic
D:5:      layout_loops_ring, minmay_temple_entry_trees, serial_rivers,
          chequers_serial_rivers_micro_a, chequers_serial_rivers_micro_a,
          chequers_serial_rivers_small_b, chequers_serial_rivers_micro_c,
          xom_teletrap_fun, uniq_pikel, uniq_grinder
D:6:      layout_basic
D:7:      layout_basic, chequers_temple_overflow_statue_of_worship
D:8:      layout_rooms, grunt_temple_overflow_order_and_chaos_1, serial_shops,
          nicolae_shop_crystal, uniq_gastronok
D:9:      layout_basic, serial_shops, shop, uniq_psyche
D:10:     layout_stronghold, erik_lair_orcish_takeover, gammafunk_ghost_spectres
D:11:     layout_basic, orc_0_dummy, serial_shops, shop, fedhas_altar_3,
          uniq_grum
D:12:     layout_basic
D:13:     layout_roguey, skrybe_vaults_entry_preservation
D:14:     layout_loops_ring, minmay_misc_feat_ornament, nrook_mini_backslash,
          drop_trap, uniq_snorg
D:15:     grunt_enter_depths_snipers, layout_gridville, elyvilon_altar_5,
          basic_altar, columned_hall_lemuel
Temple:   nicolae_temple_elliptical
Lair:1:   layout_hall_layers, serial_bayou_lake_a, infiniplex_staircase_pool,
          serial_bayou_shore_a, lemuel_fruit_tree
Lair:2:   layout_big_grid, elwin_shoals_entry_rooms, cheibrodos_lair_lostbears
Lair:3:   layout_roguey, swamp_mist, gammafunk_ghost_split, grunt_megastairs_4
Lair:4:   layout_cave_pods, infiniplex_staircase_pool_2, grunt_megastairs_5,
          uniq_nessos, uniq_urug
Lair:5:   layout_cave_pods, minmay_slime_entry_pillars,
          ebering_ghost_disaster_area, grunt_megastairs_3
Lair:6:   grunt_lair_end_beastmaster, layout_long_grid, serial_bayou_pond_b,
          serial_bayou_lagoon_a
Swamp:1:  layout_basic_swamp, nicolae_swamp_feature_on_the_river_bank,
          hangedman_swamp_diagram
Swamp:2:  layout_basic_swamp, nicolae_swamp_orc_logging_accident, uniq_donald
Swamp:3:  layout_falls_marsh, evilmike_swamp_ruin_rubble_1
Swamp:4:  swamp_old_school, layout_basic_swamp
Orc:1:    layout_caves
Orc:2:    st_orc_open, layout_caves

Skill      XL: |  1  2  3  4  5  6  7  8  9 10 11 12 13 14 15 16 17 |
---------------+----------------------------------------------------+-----
Fighting       | 1 2 3 4 5 6 7 8 10 11 12 | 12.5
Conjurations   | 2 3 4 5 7 8 10 | 10.0
Air Magic      | 5 6 7 9 11 12 14 16 17 18 19 | 19.5
Spellcasting   | 3 4 5 6 7 9 10 11 13 14 15 16 | 16.0
Ice Magic      | 2 6 8 10 | 10.7
Dodging        | |  2.1
Stealth        | |  2.0

Action                   |  1- 3 |  4- 6 |  7- 9 | 10-12 | 13-15 | 16-18 || total
-------------------------+-------+-------+-------+-------+-------+-------++-------
Melee: Unarmed           |     2 |       |       |       |       |       ||     2
       Kick              |     1 |     9 |     1 |     9 |     9 |     8 ||    37
       Dagger            |       |    20 |     7 |    26 |    39 |     1 ||    93
       Peck              |       |     6 |       |     5 |     6 |     4 ||    21
       Short sword       |       |       |       |       |       |    17 ||    17
 Cast: Shock             |    72 |   103 |    79 |   180 |    83 |       ||   517
       Airstrike         |       |     6 |   107 |   285 |   473 |    60 ||   931
       Lightning Bolt    |       |       |       |    13 |    20 |       ||    33
       Olgreb's Toxic Ra |       |       |       |     3 |   101 |       ||   104
       Ozocubu's Refrige |       |       |       |       |    73 |   159 ||   232
 Abil: Fly               |       |     1 |       |       |       |       ||     1
Evoke: Wand              |       |       |     1 |     9 |     4 |     2 ||    16
  Use: Scroll            |       |     6 |     7 |    15 |    12 |     9 ||    49
       Potion            |       |       |     1 |     2 |     2 |       ||     5
 Stab: Sleeping          |       |     1 |       |       |       |       ||     1
       Paralysed         |       |       |       |     1 |       |       ||     1
Armor: Robe              |     2 |     1 |    12 |    33 |    81 |    12 ||   141
Dodge: Dodged            |     7 |    30 |    62 |    98 |   186 |    46 ||   429

Table legend: (Time is in decaauts)
 A = Elapsed time spent in this place.
 B = Non-inter-level travel time spent in this place.
 C = Inter-level travel time spent in this place.
 D = Time resting spent in this place.
 E = Time spent auto-exploring this place.
 F = Levels seen in this place.
 G = Mean time per level.
                   A        B        C        D        E       F      G
               +--------+--------+--------+--------+--------+-----+--------+
         Total |  46068 |  44511 |   1557 |   3909 |  35521 |  28 | 1645.3 |
       Dungeon |  21707 |  20993 |    714 |    867 |  17901 |  15 | 1447.1 |
        Temple |     78 |     69 |      9 |      0 |     63 |   1 |   78.0 |
          Lair |  14419 |  13783 |    636 |   1213 |  10664 |   6 | 2403.2 |
         Swamp |   6174 |   6092 |     82 |    982 |   4600 |   4 | 1543.5 |
  Orcish Mines |   3688 |   3575 |    113 |    847 |   2292 |   2 | 1844.0 |
               +--------+--------+--------+--------+--------+-----+--------+

Top non-repeatable levels by time:
  Lair:3: 3702 daAuts
  Lair:5: 2999 daAuts
  Lair:6: 2544 daAuts
 Swamp:1: 2543 daAuts
  Lair:4: 2426 daAuts
   Orc:2: 2181 daAuts
    D:11: 2038 daAuts
     D:9: 2027 daAuts
    D:10: 2026 daAuts
     D:2: 1958 daAuts
    D:14: 1790 daAuts
     D:5: 1732 daAuts
   Orc:1: 1507 daAuts
  Lair:2: 1436 daAuts
     D:7: 1410 daAuts
